 Dungeon Crawl Stone Soup version 0.29-a0-845-g6161e89988 (webtiles) character file.

Game seed: 11140351474911653700

2353 Tboneapple the Reanimator (level 9, -3/56 (61) HPs)
             Began as a Demonspawn Necromancer on July 13, 2022.
             Was a Priest of Cheibriados.
             Slain by a wight
             ... wielding a +5 spear
              (5 damage)
             ... on level 8 of the Dungeon on July 15, 2022.
             The game lasted 01:11:15 (8659 turns).

Tboneapple the Reanimator (Demonspawn Necromancer)  Turns: 8659, Time: 01:11:17

HP:   -3/56 (61)    AC: 10    Str: 16    XL:     9   Next: 20%
MP:   18/18         EV: 14    Int: 28    God:    Cheibriados [***...]
Gold: 460           SH:  0    Dex: 22    Spells: 5/20 levels left

rFire   . . .      SeeInvis +   x - +3 falchion
rCold   + . .      Faith    .   (no shield)
rNeg    . . .      Spirit   .   g - +2 robe {rC+}
rPois   .          Reflect  .   (no helmet)
rElec   .          Harm     .   l - +2 cloak {Stlth+}
rCorr   .          Rampage  .   u - +1 pair of gloves
Will    .....                   w - +0 pair of boots
Stlth   +++++.....              h - amulet of magic regeneration
HPRegen 0.18/turn               c - ring of see invisible
MPRegen 0.56/turn               (no ring)

@: about to teleport, drained, very slow
A: thin skeletal structure 1, ignite blood 1, demonic touch 1
a: Renounce Religion, Bend Time, Temporal Distortion


You were on level 8 of the Dungeon.
You worshipped Cheibriados.
Cheibriados was most pleased with you.
You visited 1 branch of the dungeon, and saw 8 of its levels.

You collected 460 gold pieces.

Inventory:

Hand Weapons
 d - a +0 whip
 e - a +3 short sword of flaming
 m - a +3 quarterstaff of chaos
 v - a +1 battleaxe
 x - a +3 falchion (weapon)
Armour
 g - a +2 robe of cold resistance (worn)
 l - a +2 cloak of stealth (worn)
 u - a +1 pair of gloves (worn)
 w - a +0 pair of boots (worn)
Jewellery
 c - a ring of see invisible (left hand)
 h - an amulet of magic regeneration (around neck)
Wands
 s - a wand of acid (6)
 t - a wand of iceblast (9)
Scrolls
 b - 5 scrolls of teleportation
 k - 2 scrolls of enchant armour
 y - 2 scrolls of enchant weapon
Potions
 a - a potion of might {unknown}
 f - a potion of curing
 i - a potion of lignification
 j - 2 potions of brilliance
 n - a potion of berserk rage {unknown}
 o - a potion of flight {unknown}
 p - a potion of magic
 r - 2 potions of degeneration {unknown}


   Skills:
 + Level 1.9 Fighting
 + Level 3.4(3.5) Short Blades
 + Level 0.3(2.1) Long Blades
 + Level 3.4 Dodging
 * Level 4.8 Stealth
 + Level 6.4 Spellcasting
 + Level 8.9 Necromancy
 + Level 0.4 Invocations
 + Level 0.9 Evocations


You had 5 spell levels left.
You knew the following spells:

 Your Spells              Type           Power      Damage    Failure   Level
a - Necrotise             Necr           100%       1d9       1%          1
b - Vampiric Draining     Necr           56%        2d10      1%          3
c - Animate Dead          Necr           56%        N/A       1%          4
d - Agony                 Necr           56%        N/A       4%          5
e - Wereblood             Tmut           9%         N/A       9%          2

Your spell library contained the following spells:

 Spells                   Type           Power      Damage    Failure   Level
 Spider Form              Tmut/Pois      9%         N/A       17%         3
 Ice Form                 Ice/Tmut       9%         N/A       50%         4
 Fireball                 Conj/Fire      4%         3d4       85%         5
 Iron Shot                Conj/Erth      4%         9d2       100%        6


Dungeon Overview and Level Annotations

Branches:
Dungeon (8/15)             Temple (0/1) D:7
   Lair: D:8-11

Altars:
Cheibriados
Trog
Uskayaw

Shops:
D:4 [   D:5 [


Innate Abilities, Weirdness & Mutations

You have a somewhat thin skeletal structure. (Dex +2, Stealth+)
Your demonic aura sometimes causes spilled blood to erupt in flames.
Your touch may inflict minor irresistible damage on your foes.


Message History

You closely miss the wight.
You touch the wight.
You destroy the wight!
Cheibriados thoroughly appreciates the change of pace.
The wight hits you from afar with a +5 spear.
You feel drained. The wight misses you.
Your life force feels restored.
The wight barely misses you. The wight hits you but does no damage.
The wight closely misses you.
You barely miss the wight. The wight misses you. The wight closely misses you.
You hit the wight.
The wight is heavily damaged.
The wight hits you from afar with a +5 spear.
You feel drained.
The wight hits you with a +4 great sword!
The wight barely misses you.
Aiming: Vampiric Draining (safe; 1% risk of failure)
Press: ? - help, Q - select action, (/) - cycle Shift-Dir - straight line, f - wight
Aim: a wight, wielding a +0 battleaxe and wearing a +0 robe (heavily damaged, not susceptible)
The wight is unaffected.
The wight completely misses you. The wight misses you.
The wight closely misses you. The wight hits you with a +0 battleaxe.
The wight completely misses you. The wight closely misses you.
You hit the wight but do no damage.
You touch the wight!
The wight is heavily damaged.
The wight closely misses you. x2; The wight hits you with a +0 battleaxe!
You hit the wight but do no damage.
The wight is heavily damaged.
The wight barely misses you. The wight closely misses you.
As you read the scroll of teleportation, it crumbles to dust.
You feel strangely unstable.
The wight hits you from afar with a +5 spear.
You feel drained. The wight completely misses you. The wight misses you.
The wight hits you with a +4 great sword!
* * * LOW HITPOINT WARNING * * *
You feel drained.
* * * LOW HITPOINT WARNING * * *
The wight barely misses you.
The wight hits you from afar with a +5 spear.
You die...

#......... .#...
#.####.).. .... # #.#
#..... #..# .# #.#
#..... #..##! #.#
#.#... #....
#.###.###. #..##
#.........
####...#########.#...
+...@.<.........)....
####zz.#########.#...
#z.## #)##.# #.## #)#
## #..)....... #)#
#.#.##.#### #.# #.#..
.# #.# . ... # ##.##
## #..# #...#


You could see 3 wights.

Vanquished Creatures
  A hornet (D:7)
  3 yaks (D:8)
  Sigmund (D:2)
  A water moccasin (D:5)
  A sky beast (D:7)
  A black bear (D:4)
  The ghost of kkgakdfjhgaksdf the Chiller, an amateur DgIE (D:3)
  A phantom (D:5)
  A kobold brigand (D:8)
  3 bullfrogs
  A necrophage (D:6)
  A scorpion (D:6)
  6 wights
  A crimson imp (D:7)
  2 hounds
  2 jellies (D:7)
  An orc priest (D:8)
  Crazy Yiuf (D:2)
  An iguana (D:4)
  4 adders
  4 gnolls (D:4)
  A shadow imp (D:6)
  A white imp (D:7)
  2 worms (D:2)
  3 dart slugs
  14 orcs
  5 ball pythons
  3 bats
  2 endoplasms
  A giant cockroach (D:2)
  13 goblins
  8 hobgoblins
  5 jackals
  3 quokkas
  2 frilled lizards (D:2)
  2 hobgoblin zombies (D:7)
  5 kobolds
  A kobold skeleton (D:7)
  2 kobold zombies (D:7)
  2 orc skeletons (D:7)
  3 orc zombies (D:7)
  7 rats
123 creatures vanquished.

Vanquished Creatures (collateral kills)
  A dart slug (D:2)
  An endoplasm (D:2)
  A giant cockroach (D:4)
  A jackal (D:1)
4 creatures vanquished.

Vanquished Creatures (others)
  5 plants (D:1)
5 creatures vanquished.

Grand Total: 132 creatures vanquished

Notes
Turn   | Place    | Note
-------+----------+-------------------------------------------
     0 | D:1      | Tboneapple the Demonspawn Necromancer began the quest for
                  | the Orb.
     0 | D:1      | Reached XP level 1. HP: 13/13 MP: 3/3
    52 | D:1      | Gained mutation: You have a somewhat thin skeletal
                  | structure. (Dex +2, Stealth+) [demonic ancestry]
    52 | D:1      | Reached XP level 2. HP: 17/19 MP: 1/5
  1024 | D:2      | Found a runed translucent door.
  1025 | D:2      | Noticed Crazy Yiuf
  1456 | D:2      | Gained mutation: Your demonic aura sometimes causes spilled
                  | blood to erupt in flames. [demonic ancestry]
  1456 | D:2      | Reached XP level 3. HP: 17/24 MP: 1/6
  1546 | D:2      | Learned a level 3 spell: Vampiric Draining
  1568 | D:2      | Reached skill level 5 in Necromancy
  2101 | D:2      | Upgraded the game from 0.29-a0-838-g385bb11a5b to
                  | 0.29-a0-845-g6161e89988
  2258 | D:2      | Noticed Sigmund
  2270 | D:2      | Killed Sigmund
  2271 | D:2      | Reached skill level 6 in Necromancy
  2271 | D:2      | Reached XP level 4. HP: 17/31 MP: 1/9
  2271 | D:2      | Gained mutation: Your touch may inflict minor irresistible
                  | damage on your foes. [demonic ancestry]
  2271 | D:2      | Reached XP level 5. HP: 19/36 MP: 1/10
  2412 | D:2      | Learned a level 4 spell: Animate Dead
  2489 | D:2      | Killed Crazy Yiuf
  2562 | D:2      | Found a faded altar of an unknown god.
  2575 | D:2      | Prayed at the altar of an unknown god.
  2575 | D:2      | Became a worshipper of Cheibriados the Contemplative
  2575 | D:2      | Reached * piety under Cheibriados
  3093 | D:3      | Identified a scroll of acquirement
  3093 | D:3      | Acquired Larch's Spellbook of Confrontation and
                  | Transmutation
  3167 | D:3      | Reached XP level 6. HP: 42/42 MP: 6/11
  3276 | D:3      | Found a runed translucent door.
  3339 | D:3      | Noticed kkgakdfjhgaksdf's ghost (amateur DgIE)
  3473 | D:3      | Acquired an amulet of magic regeneration
  3734 | D:3      | Killed kkgakdfjhgaksdf's ghost
  4113 | D:4      | Found Earendil's Dragon-Slaying Spoils.
  4272 | D:4      | Reached ** piety under Cheibriados
  4308 | D:4      | Reached XP level 7. HP: 36/47 MP: 7/13
  4313 | D:4      | Reached skill level 7 in Necromancy
  4324 | D:4      | Learned a level 5 spell: Agony
  4970 | D:5      | Entered Level 5 of the Dungeon
  4989 | D:5      | Reached skill level 1 in Short Blades
  5042 | D:5      | Found Byduf's Armour Emporium.
  5051 | D:5      | Reached skill level 5 in Spellcasting
  5354 | D:5      | Reached skill level 1 in Fighting
  5960 | D:6      | Noticed a +0 spear
  5960 | D:6      | Noticed a +0 short sword
  5961 | D:6      | Noticed a +0 falchion
  5961 | D:6      | Noticed a +0 dagger
  5961 | D:6      | Noticed a +0 dagger
  5961 | D:6      | Noticed a +0 falchion
  5961 | D:6      | Noticed a +0 short sword
  5962 | D:6      | Noticed a +0 spear
  5963 | D:6      | Found a hide-covered altar of Uskayaw.
  6472 | D:6      | Found a bloodstained altar of Trog.
  6952 | D:6      | Reached XP level 8. HP: 54/54 MP: 16/16
  7158 | D:7      | Found a staircase to the Ecumenical Temple.
  7170 | D:7      | Reached skill level 8 in Necromancy
  7347 | D:7      | Reached *** piety under Cheibriados
  7823 | D:7      | Noticed a hornet
  7827 | D:7      | Paralysed by a hornet for 3 turns
  7832 | D:7      | Killed a hornet
  8252 | D:7      | Learned a level 2 spell: Wereblood
  8426 | D:8      | Reached XP level 9. HP: 56/61 MP: 10/18
  8659 | D:8      | HP: 2/56 [wight/+4 great sword (4)]
  8659 | D:8      | Slain by a wight

Illustrated notes

Levels and vault maps discovered:
D:1:      moated_graveyard_arrival, layout_rooms, serial_forest,
          infiniplex_forest_straight_2, infiniplex_forest_pool,
          infiniplex_forest_fountain, infiniplex_forest_zigzag_1,
          infiniplex_forest_side_room, infiniplex_forest_straight_5
D:2:      layout_basic, ebering_ecumenical_altar_sacrificial,
          kennysheep_generic_room_4, uniq_crazy_yiuf_cottage, uniq_sigmund
D:3:      cheibrodos_greedy_goblins, layout_loops_ring, ebering_ghost_sewer_d
D:4:      layout_layer_cave, nicolae_shop_dragon_depot, st_stairs_3,
          minmay_misc_feat_hallway, chequers_serial_rivers_micro_e
D:5:      layout_cave_pods, serial_shops, shop, minmay_misc_feat_tower
D:6:      layout_loops_ring, nicolae_uskayaw_en_pointe,
          mainiacjoe_overflow_small_starburst, marbit_many_paths,
          grunt_decor_clamped
D:7:      layout_loops_corners, nicolae_tso_besieged_by_evil,
          minmay_temple_entry_from_below_b
D:8:      layout_loops_corners, serial_shops, nicolae_shop_bloodbath_and_beyond,
          hellmonk_guarded_unrand_gong

Skill      XL: |  1  2  3  4  5  6  7  8 |
---------------+-------------------------+-----
Dodging        | 2 3 |  3.4
Stealth        | 2 4 |  4.8
Necromancy     | 6 7 8 |  8.9
Spellcasting   | 3 4 5 6 |  6.4
Short Blades   | 1 3 |  3.4
Fighting       | 1 |  1.9
Long Blades    | |  0.3
Invocations    | |  0.4
Evocations     | |  0.9

Action                   |  1- 3 |  4- 6 |  7- 9 || total
-------------------------+-------+-------+-------++-------
Melee: Whip              |    24 |       |       ||    24
       Short sword       |    17 |    26 |    59 ||   102
       Touch             |       |     5 |    19 ||    24
       Punch             |       |     1 |     2 ||     3
       Falchion          |       |       |    31 ||    31
 Cast: Necrotise         |    68 |    40 |    35 ||   143
       Vampiric Draining |     3 |    20 |    25 ||    48
       Wereblood         |       |       |     1 ||     1
Invok: Bend Time         |       |     2 |     1 ||     3
Evoke: Wand              |       |       |     6 ||     6
  Use: Potion            |     4 |     1 |     2 ||     7
       Scroll            |     5 |     5 |     8 ||    18
 Stab: Sleeping          |       |       |     1 ||     1
Armor: Robe              |     7 |    13 |    39 ||    59
Dodge: Dodged            |    18 |    40 |   105 ||   163

Table legend: (Time is in decaauts)
 A = Elapsed time spent in this place.
 B = Non-inter-level travel time spent in this place.
 C = Inter-level travel time spent in this place.
 D = Time resting spent in this place.
 E = Time spent auto-exploring this place.
 F = Levels seen in this place.
 G = Mean time per level.
                   A        B        C        D        E       F      G
               +--------+--------+--------+--------+--------+-----+--------+
         Total |  11041 |   8671 |   2370 |   1596 |      0 |   8 | 1380.1 |
       Dungeon |  11041 |   8671 |   2370 |   1596 |      0 |   8 | 1380.1 |
               +--------+--------+--------+--------+--------+-----+--------+

Top non-repeatable levels by time:
     D:2: 1929 daAuts
     D:7: 1748 daAuts
     D:4: 1732 daAuts
     D:6: 1586 daAuts
     D:5: 1324 daAuts
     D:3: 1315 daAuts
     D:1: 873 daAuts
     D:8: 531 daAuts
